 Dungeon Crawl Stone Soup version 0.23-a0-586-gacb4b3f (webtiles) character file.

62 Amnesiac the Ducker (level 3, 0/19 HPs)
             Began as a Spriggan Berserker on Dec 19, 2018.
             Was a Believer of Trog.
             Slain by an adder (5 damage)
             ... on level 2 of the Dungeon.
             The game lasted 00:02:23 (1347 turns).

Amnesiac the Ducker (Spriggan Berserker)            Turns: 1347, Time: 00:02:23

Health: 0/19       AC:  2    Str: 14    XL:     3   Next: 85%
Magic:  4/4        EV: 19    Int:  8    God:    Trog [**....]
Gold:   63         SH:  5    Dex: 15    Spells: 2/2 levels left

rFire    . . .     SeeInvis +   a - +0 falchion
rCold    . . .     Gourm    .   k - +0 buckler
rNeg     . . .     Faith    .   b - +0 animal skin
rPois    .         Spirit   .   (helmet restricted)
rElec    .         Reflect  .   (no cloak)
rCorr    .         Harm     .   (gloves unavailable)
MR       .....                  (boots unavailable)
Stlth    +.........             (no amulet)
HPRegen  0.06/turn              (no ring)
MPRegen  0.09/turn              (no ring)

@: very quick
A: very small, unfitting armour, see invisible, herbivore, speed 3, slow
metabolism 2
a: Berserk, Trog's Hand, Renounce Religion


You were on level 2 of the Dungeon.
You worshipped Trog.
Trog was pleased with you.
You were not hungry.

You visited 1 branch of the dungeon, and saw 2 of its levels.

You collected 63 gold pieces.

Inventory:

Hand Weapons
 a - a +0 falchion (weapon)
Armour
 b - a +0 animal skin (worn)
 k - a +0 buckler (worn)
Wands
 n - a wand of paralysis (8)
Scrolls
 d - 2 scrolls of blinking {!r, unknown}
 e - 2 scrolls of identify {!r, unknown}
 i - a scroll of immolation {!r, unknown}
 m - a scroll of amnesia {!r, unknown}
 o - a scroll of teleportation {!r, unknown}
Potions
 f - a potion of cancellation {!q, unknown}
 g - 4 potions of curing {!q, unknown}
 h - a potion of heal wounds {!q, unknown}
 j - a potion of might {!q, unknown}
 l - 2 potions of agility {!q, unknown}
Comestibles
 c - 8 rations


   Skills:
 - Level 2.4 Fighting
 * Level 3.4 Long Blades
 + Level 5.3 Dodging
 + Level 0.4 Shields


You had 2 spell levels left.
You didn't know any spells.
Your spell library was empty.

Dungeon Overview and Level Annotations

Branches:
Dungeon (2/15)

Altars:
Qazlal


Innate Abilities, Weirdness & Mutations

You are very small and have problems with some larger weapons.
You are too small for most types of armour.
You have supernaturally acute eyesight. (SInv)
You are a herbivore.
You cover ground extremely quickly.
You need to consume almost no food.


Message History

No target in view!
No target in view!
No target in view!
No target in view!
No target in view!
No target in view!
You see here 8 bolts.
You see here 8 bolts.
Found a stone staircase leading up.
No target in view!
No target in view!
No target in view!
No target in view!
Found a club.
No target in view!
No target in view!
n - a wand of paralysis (8)
o - a scroll labeled YGUGOD AHUSM {!r} A hobgoblin comes into view.
It is wielding a +0 mace.
The hobgoblin shouts!
The hobgoblin moves out of view.
The hobgoblin is too close now for your liking.
You hit the hobgoblin but do no damage. The hobgoblin completely misses you.
You hit the hobgoblin but do no damage. The hobgoblin barely misses you.
You riposte.
You closely miss the hobgoblin. You closely miss the hobgoblin.
The hobgoblin misses you.
You hit the hobgoblin but do no damage. You block the hobgoblin's attack.
You hit the hobgoblin.
The hobgoblin is moderately wounded.
The hobgoblin hits you with a +0 mace.
* * * LOW HITPOINT WARNING * * *
You hit the hobgoblin.
You kill the hobgoblin!
Trog accepts your kill.
No target in view!
No target in view!
No target in view!
You now have 63 gold pieces (gained 9).
You see here a +0 mace.
Found 6 poisoned needles.
Found a whip.
The adder hisses angrily.
The adder is too close now for your liking.
An adder is nearby!
An adder is nearby!
You start resting.
The adder is too close now for your liking.
The adder closely misses you.
You hit the adder.
The adder is moderately wounded.
The adder closely misses you.
You hit the adder.
The adder is heavily wounded.
The adder bites you.
* * * LOW HITPOINT WARNING * * *
The adder bites you.
* * * LOW HITPOINT WARNING * * *
You barely miss the adder.
The adder is heavily wounded.
The adder barely misses you.
You closely miss the adder.
The adder is heavily wounded.
You block the adder's attack. The adder bites you.
You die...

...##.....#.##########
##.##................#
#.#....)....########.#
##.###....##########.#
.....#..#............#
#....##.#..###.####..#
.###.##.)..#
####..##.#. ##
#.#....# #.S.........
# .#....# #@##........
## #....# #.##..##.#.#
.### #.#..# #.##.....#
. .... #.#..#
#.##.#..). .... .....#
#.##..#.#.# ### #. ...
#.##.. S. . # #.# .#
.# # #.# # #..


You could see an adder.

Vanquished Creatures
  An adder (D:2)
  An ooze (D:1)
  2 worms (D:2)
  3 dart slugs (D:2)
  A leopard gecko (D:1)
  A giant cockroach (D:1)
  8 goblins
  5 hobgoblins
  A quokka (D:2)
  3 bats (D:1)
  4 frilled lizards
  2 kobolds (D:1)
  6 rats (D:1)
38 creatures vanquished.

Notes
Turn   | Place    | Note
-------+----------+-------------------------------------------
     0 | D:1      | Amnesiac the Spriggan Berserker began the quest for the
                  | Orb.
     0 | D:1      | Reached XP level 1. HP: 11/11 MP: 2/2
    45 | D:1      | Reached XP level 2. HP: 14/16 MP: 3/3
   389 | D:1      | Reached skill level 5 in Dodging
   403 | D:1      | Reached XP level 3. HP: 7/19 MP: 4/4
   863 | D:2      | Reached ** piety under Trog
  1107 | D:2      | Found a stormy altar of Qazlal.
  1347 | D:2      | Slain by an adder

Vault maps used:
D:1:      dpeg_arrival_houses_and_road
D:2:      hex_large, lemuel_statue_altar

Skill      XL: |  1  2 |
---------------+-------+-----
Long Blades    | 3 |  3.4
Dodging        | 5 |  5.3
Fighting       | |  2.4
Shields        | |  0.4

Action                   || total
-------------------------++-------
Melee: Falchion          ||   150
Invok: Berserk           ||     1
 Stab: Sleeping          ||     1
Armor: Animal skin       ||     9
Dodge: Dodged            ||   141
Block: Buckler           ||    13
       Rpst.: Falchion   ||    50

Table legend:
 A = Non-vault XP
 B = Vault XP
 C = Vault XP percentage of total XP
 D = Non-vault monster count
 E = Vault monster count
 F = Vault count percentage of total count
                 A         B        C        D         E       F
            +---------+---------+-------+---------+---------+-------
      Total |      89 |       0 |   0.0 |      38 |       0 |   0.0
            +---------+---------+-------+---------+---------+-------
        D:1 |      42 |       0 |   0.0 |      24 |       0 |   0.0
        D:2 |      47 |       0 |   0.0 |      14 |       0 |   0.0
            +---------+---------+-------+---------+---------+-------
